 Dungeon Crawl Stone Soup version 0.26.1-11-gd32895ea62 (webtiles) character file.

Game seed: 15423281048523134356

1105 ubername the Carver (level 8, -3/58 (64) HPs)
             Began as a Barachi Berserker on May 28, 2021.
             Was an Elder of Trog.
             Killed by divine providence
             ... invoked by an orc priest
              (10 damage)
             ... on level 6 of the Dungeon.
             The game lasted 00:11:08 (6347 turns).

ubername the Carver (Barachi Berserker)             Turns: 6347, Time: 00:11:09

HP:   -3/58 (64)    AC: 13    Str: 21    XL:     8   Next: 32%
MP:   0/17          EV: 11    Int:  7    God:    Trog [****..]
Gold: 288           SH:  3    Dex: 12    Spells: 7/7 levels left

rFire    + . .     SeeInvis .   G - +0 long sword
rCold    x . .     Faith    .   k - +0 buckler
rNeg     . . .     Spirit   +   j - +0 scale mail
rPois    .         Reflect  .   w - +0 helmet
rElec    .         Harm     .   H - scarf {+Inv}
rCorr    .         Rampage  .   u - +0 pair of gloves {archery}
Will     .....                  F - +2 pair of boots
Stlth    ..........             o - amulet of guardian spirit
HPRegen  0.19/turn              p - ring of fire
MPRegen  0.15/turn              q - ring of magical power

@: lethally poisoned (-3 -> -4), drained, slow
A: +LOS, swims, slowness 1, strong legs 1
a: Hop, Renounce Religion, Evoke Invisibility, Berserk, Trog's Hand, Brothers in
Arms


You were on level 6 of the Dungeon.
You worshipped Trog.
Trog was greatly pleased with you.
You visited 1 branch of the dungeon, and saw 6 of its levels.

You collected 288 gold pieces.

Inventory:

Hand Weapons
 a - a +0 falchion
 G - a +0 long sword (weapon)
Missiles
 m - 17 sling bullets
 n - 44 poisoned darts
Armour
 j - a +0 scale mail (worn)
 k - a +0 buckler (worn)
 u - a +0 pair of gloves of archery (worn)
 w - a +0 helmet (worn)
 F - a +2 pair of boots (worn)
 H - a scarf of invisibility (worn)
Jewellery
 b - an uncursed amulet of regeneration
 o - an amulet of guardian spirit (around neck)
 p - a ring of fire (left hand)
 q - a ring of magical power (right hand)
 x - an uncursed ring of magical power
 z - an uncursed ring of fire
 A - an uncursed ring of willpower {unknown}
Wands
 y - a wand of enslavement (4)
 E - a wand of iceblast (5)
Scrolls
 c - a scroll of enchant armour {unknown}
 d - 10 scrolls of teleportation {unknown}
 f - a scroll of enchant weapon {unknown}
 h - 2 scrolls of magic mapping {unknown}
 i - 5 scrolls of identify {unknown}
 l - a scroll of amnesia {unknown}
 r - a scroll of fear {unknown}
 B - 2 scrolls of fog {unknown}
 D - 3 scrolls of random uselessness {unknown}
Potions
 e - 2 potions of heal wounds
 g - 2 potions of lignification
 s - 3 potions of haste


   Skills:
 * Level 5.9 Fighting
 * Level 8.5 Long Blades
 * Level 5.6 Armour
 + Level 4.1 Dodging
 + Level 1.2 Stealth
 + Level 1.2 Shields


You had 7 spell levels left.
You didn't know any spells.
Your spell library was empty.

Dungeon Overview and Level Annotations

Branches:
Dungeon (6/15)             Temple (0/1) D:6

Altars:
Dithmenos
Fedhas
Kikubaaqudgha
Ru
Sif Muna
Uskayaw
Zin

Annotations:
D:5 3 runed translucent doors, Zeld's ghost, novice OpGl


Innate Abilities, Weirdness & Mutations

You can be seen from farther away. (+LOS)
You can swim through water.
You cover ground slowly.
You can hop short distances.


Message History

The orc priest hits you but does no damage.
You miss the orc warrior.
The orc priest hits you but does no damage.
The orc warrior hits you with a +0 dire flail!
* * * LOW HITPOINT WARNING * * *
You hit the orc warrior but do no damage.
You feel less confused.
The orc priest begins to cast a cantrip, but forgets the words!
The orc warrior hits you with a +0 dire flail!
* * * LOW HITPOINT WARNING * * *
You barely miss the orc warrior. The orc priest closely misses you.
The orc warrior hits you but does no damage.
You barely miss the orc warrior.
You feel sick. The orc priest barely misses you. The orc warrior misses you.
You closely miss the orc warrior. The orc priest closely misses you.
You riposte.
You slash the orc priest!
The orc priest is heavily wounded.
The orc priest invokes the aid of Beogh against you.
Beogh smites you!
You die...

....#.##.# #.#.#..#.#
#.#....#.# .......#.#
.#.##..#.#
.#.....#.##############
....#............>....#
.##.#..(.###..........#
.........# #.###@o..$.#
#.#.#.##.# #.#
#o####.... #.#.#....#
#.# #{# ## ......##..
#.# #o. ..........##.#
#.# #...#.##..##.. ...
##.##.##...... #.#
##...(# ... ##..### ..#


You could see an orc warrior and 2 orc priests.

Vanquished Creatures
  A sky beast (D:5)
  A phantom (D:4)
  A water moccasin skeleton (D:4)
  2 howler monkeys (D:4)
  A centaur zombie (D:6)
  A bullfrog zombie (D:3)
  A jelly (D:5)
  3 hounds
  2 orc priests (D:5)
  A centaur skeleton (D:6)
  Jessica (D:2)
  7 worker ants
  3 orc wizards
  A hound skeleton (D:4)
  A hound zombie (D:5)
  11 adders
  An ooze (D:6)
  An adder skeleton (D:4)
  2 worms (D:2)
  4 dart slugs
  2 leopard geckos
  20 orcs
  5 ball pythons
  7 giant cockroaches
  8 goblins
  7 hobgoblins
  A jackal (D:2)
  11 kobolds
  4 quokkas
  6 bats
  8 frilled lizards
  9 rats
134 creatures vanquished.

Notes
Turn   | Place    | Note
-------+----------+-------------------------------------------
     0 | D:1      | ubername the Barachi Berserker began the quest for the Orb.
     0 | D:1      | Reached XP level 1. HP: 18/18 MP: 1/1
   124 | D:1      | Reached XP level 2. HP: 24/25 MP: 2/2
   865 | D:1      | Reached skill level 4 in Long Blades
   865 | D:1      | Reached XP level 3. HP: 22/30 MP: 3/3
  1306 | D:2      | Reached skill level 1 in Stealth
  1476 | D:2      | Noticed a +0 hand axe
  1476 | D:2      | Noticed a +0 hand axe
  1477 | D:2      | Found a hide-covered altar of Uskayaw.
  1699 | D:2      | Reached ** piety under Trog
  1706 | D:2      | Reached XP level 4. HP: 38/38 MP: 4/4
  1943 | D:2      | Found a shimmering blue altar of Sif Muna.
  1950 | D:2      | Noticed Jessica
  1967 | D:2      | Killed Jessica
  2097 | D:2      | Reached XP level 5. HP: 43/43 MP: 5/5
  2211 | D:3      | Reached skill level 5 in Long Blades
  2260 | D:3      | Found a sacrificial altar of Ru.
  2504 | D:3      | Reached *** piety under Trog
  2509 | D:3      | Reached XP level 6. HP: 50/50 MP: 6/6
  3411 | D:4      | Reached skill level 5 in Fighting
  3411 | D:4      | Reached skill level 6 in Long Blades
  3567 | D:4      | Noticed a phantom
  3595 | D:4      | Killed a phantom
  3963 | D:4      | Reached XP level 7. HP: 55/56 MP: 7/7
  4112 | D:4      | Reached skill level 7 in Long Blades
  4193 | D:4      | Found an ancient bone altar of Kikubaaqudgha.
  4801 | D:5      | Entered Level 5 of the Dungeon
  4841 | D:5      | Reached skill level 1 in Shields
  4940 | D:5      | Found a shadowy altar of Dithmenos.
  4983 | D:5      | Found a blossoming altar of Fedhas.
  5015 | D:5      | Noticed Zeld's ghost (novice OpGl)
  5032 | D:5      | Reached **** piety under Trog
  5187 | D:5      | Reached skill level 8 in Long Blades
  5187 | D:5      | Reached skill level 5 in Armour
  5187 | D:5      | Reached XP level 8. HP: 61/64 MP: 8/8
  5285 | D:5      | Found a runed translucent gate.
  5285 | D:5      | Found a runed translucent gate.
  5286 | D:5      | Found a runed translucent gate.
  5469 | D:5      | Found a glowing silver altar of Zin.
  6017 | D:6      | Found a staircase to the Ecumenical Temple.
  6347 | D:6      | Killed from afar by an orc priest

Illustrated notes

Levels and vault maps discovered:
D:1:      psy_arrival_terrarium, layout_basic
D:2:      minmay_recursive_quarters, layout_basic,
          nicolae_overflow_crystal_walls, dancing_weapons_uskayaw,
          serial_corexii_hall, corexii_hall_statues_u, corexii_hall_statues_u,
          uniq_jessica
D:3:      layout_basic, nicolae_ru_sacrificial_ziggurat
D:4:      minmay_skewed_foursquare, layout_loops_corners,
          kiku_gazebo_pond_becter
D:5:      layout_loops_ring, zin_treasury, kennysheep_mini, fedhas_altar_2,
          gammafunk_ghost_split
D:6:      kennysheep_orc_sif_temple, layout_basic, elyvilon_altar_1,
          minmay_temple_entry_ruins

Skill      XL: |  1  2  3  4  5  6  7 |
---------------+----------------------+-----
Fighting       | 4 5 |  5.9
Long Blades    | 4 5 6 8 |  8.5
Stealth        | 1 |  1.2
Dodging        | 3 4 |  4.1
Armour         | 3 4 5 |  5.6
Shields        | 1 |  1.2

Action                   |  1- 3 |  4- 6 |  7- 9 || total
-------------------------+-------+-------+-------++-------
Melee: Falchion          |   103 |   217 |   142 ||   462
       Long sword        |       |       |    56 ||    56
Invok: Berserk           |     1 |     1 |     1 ||     3
Evoke: Wand              |       |     1 |       ||     1
  Use: Potion            |       |     2 |     4 ||     6
 Stab: Sleeping          |     1 |       |       ||     1
Armor: Animal skin       |    19 |       |       ||    19
       Scale mail        |    28 |    97 |    91 ||   216
Dodge: Dodged            |    88 |   125 |    95 ||   308
Block: Buckler           |     4 |    29 |    24 ||    57
       Rpst.: Falchion   |    20 |    44 |    30 ||    94
       Long sword        |       |       |     7 ||     7
